 Dungeon Crawl Stone Soup version 0.29.1-15-g9cfb28693d (webtiles) character file.

Game seed: 289399648380224380

22099 javelincjr the Fighter (level 13, -4/89 HPs)
             Began as a Djinni Conjurer on Mar 2, 2023.
             Was an Elder of Hepliaklqana.
             Slain by a vampire mosquito (9 damage)
             ... on level 14 of the Dungeon on Mar 6, 2023.
             The game lasted 01:25:28 (18775 turns).

javelincjr the Fighter (Djinni Conjurer)           Turns: 18775, Time: 01:25:28

Health: -4/89      AC: 12    Str:  8    XL:     13   Next: 25%
Gold:   918        EV: 13    Int: 29    God:    Hepliaklqana [****..] SH: 15 Dex: 18

rFire   + + .      SeeInvis +   A - +11 trident of Spite {elec, Dex+3}
rCold   . . .      Faith    +   r - +0 tower shield
rNeg    . . .      Spirit   .   S - +2 troll leather armour
rPois   ∞          Reflect  .   F - +0 helmet
rElec   +          Harm     .   y - +2 cloak
rCorr   +          Rampage  +   (no gloves)
Will    .....      Clarity  +   (boots unavailable)
Stlth   ++++......              p - amulet "Ogiklooratz" {Faith Rampage Will- rCorr Int+5}
HPRegen 1.04/turn               n - ring of Qaepn {rElec rC+ rCorr Dex+4}
MPRegen 0.00/turn               w - ring of wizardry

@: about to teleport, flying
A: reduced essence, sickness immunity, fire resistance 2, cold vulnerability 1,
float, innate caster, HP casting, extra vitality 1, see invisible, clarity,
deterioration 1, MP-powered wands
a: Renounce Religion, Recall Ancestor, Ancestor Identity, Transference, Idealise


You were on level 14 of the Dungeon.
You worshipped Hepliaklqana.
Hepliaklqana was greatly pleased with you.
You visited 2 branches of the dungeon, and saw 15 of its levels.
You also visited: Ossuary and Bailey.

You collected 918 gold pieces.

Inventory:

Hand Weapons
 e - a +4 quarterstaff of chaos
 h - a +2 dagger of holy wrath
 i - a +4 spectral hand axe
 A - the +11 trident of Spite (weapon) {elec, Dex+3}
   (You found it on level 8 of the Dungeon)

   It occasionally discharges a powerful burst of electricity upon striking a
   foe.
   Dex:       It affects your dexterity (+3).
 X - a +1 vampiric demon blade
Missiles
 m - 7 atropa-tipped darts
Armour
 a - a +0 robe
 d - an orb of mayhem
 r - a +0 tower shield (worn)
 y - a +2 cloak (worn)
 F - a +0 helmet (worn)
 G - a +2 robe of positive energy
 I - a +0 kite shield
 P - a +2 leather armour of fire resistance
 S - a +2 troll leather armour (worn)
Magical Staves
 C - a staff of conjuration
 N - a staff of air
Jewellery
 g - a ring of resist corrosion
 n - the ring of Qaepn (left hand) {rElec rC+ rCorr Dex+4}
   (You found it on level 2 of the Dungeon)

   [ring of resist corrosion]

   Dex:       It affects your dexterity (+4).
   rC:        It protects you from cold.
   rElec:     It insulates you from electricity.
   rCorr:     It protects you from acid and corrosion.
 p - the amulet "Ogiklooratz" (around neck) {Faith Rampage Will- rCorr Int+5}
   (You found it on level 8 of the Dungeon)

   [amulet of faith]

   It allows you to gain divine favour quickly.
   Int:       It affects your intelligence (+5).
   rCorr:     It protects you from acid and corrosion.
   Rampage:   It bestows one free step when moving towards enemies.
   Will:      It decreases your willpower.
 t - a ring of protection from cold
 w - a ring of wizardry (right hand)
 B - a ring of ice
 D - a +4 ring of evasion
 K - a ring of positive energy
 V - a ring of positive energy
Wands
 q - a wand of mindburst (18)
 s - a wand of roots (15)
 J - a wand of polymorph (5)
 R - a wand of flame (8)
Scrolls
 b - 2 scrolls of silence
 c - 2 scrolls of magic mapping
 j - 4 scrolls of teleportation
 l - a scroll of brand weapon
 E - 2 scrolls of butterflies
 L - a scroll of poison
 M - 5 scrolls of identify
 Q - 3 scrolls of enchant weapon
 U - a scroll of blinking {unknown}
 W - a scroll of summoning {unknown}
Potions
 f - 9 potions of curing
 k - 2 potions of ambrosia {unknown}
 o - 5 potions of lignification {unknown}
 u - 3 potions of brilliance {unknown}
 v - 4 potions of degeneration {unknown}
 z - 4 potions of might {unknown}
 O - a potion of mutation
 T - a potion of cancellation {unknown}
Miscellaneous
 x - a condenser vane


   Skills:
 * Level 11.1 Fighting
 + Level 7.9 Armour
 + Level 9.0 Dodging
 + Level 7.3 Stealth
 + Level 5.0 Shields
 * Level 9.3 Spellcasting


You couldn't memorise any spells.
You knew the following spells:

 Your Spells              Type           Power      Damage    Failure   Level
a - Magic Dart            Conj           100%       1d8       1%          1
b - Searing Ray           Conj           100%       2d8       1%          2
c - Dazzling Flash        Conj/Hex       100%       N/A       1%          3
d - Fulminant Prism       Conj/Hex       30%        3d16      4%          4
e - Iskenderun's Mystic   Conj/Tloc      61%        2d13      4%          4
f - Shock                 Conj/Air       100%       1d9       1%          1
g - Call Imp              Summ           61%        N/A       1%          2
h - Ozocubu's Armour      Ice            61%        N/A       1%          3
i - Olgreb's Toxic Radia  Pois           61%        N/A       4%          4
j - Iskenderun's Battles  Conj           61%        2d11      14%         5
k - Summon Mana Viper     Hex/Summ       61%        N/A       14%         5
Your spell library was empty.

Dungeon Overview and Level Annotations

Branches:
Dungeon (14/15)            Temple (1/1) D:7            Lair (0/5) D:8
    Orc (0/2) D:9         Ossuary (visited)          Bailey (visited)
 Vaults: D:13-14

Altars:
Ashenzari
Cheibriados
Dithmenos
Elyvilon
Fedhas
Gozag
Hepliaklqana
Makhleb
Nemelex Xobeh
Okawaru
Qazlal
Ru
Trog
Uskayaw
Wu Jian
Xom
Yredelemnul
Zin
The Shining One

Shops:
D:2 :

Annotations:
D:13 Frances


Innate Abilities, Weirdness & Mutations

Your life essence is reduced to manifest your ancestor. (-10% HP)
You are immune to sickness and miasma.
You are immune to poison.
Your flesh is very heat resistant. (rF++)
You are vulnerable to cold. (rC-)
You float through the air rather than walking.
You learn spells naturally, not from books.
Your magical power is your life essence.
You have superior vitality. (+4 MHP)
You have supernaturally acute eyesight. (SInv)
You possess an exceptional clarity of mind.
Your body sometimes deteriorates upon taking damage.
You expend health (3 HP) to strengthen your wands.


Message History

The centaur warrior is dazzled.
The centaur warrior shouts!
The vampire mosquito buzzes angrily. x2
You hear an angry buzzing noise. x2
A vampire mosquito comes into view. x2
You strike the helpless centaur warrior from behind!
You hit the centaur warrior but do no damage.
Lightning courses through the centaur warrior!
The centaur warrior is lightly wounded.
You block the centaur warrior's attack. x2
The centaur warrior closely misses you. x2; The centaur warrior hits you.
You block the centaur warrior's attack.
You catch the helpless centaur warrior completely off-guard!
You hit the centaur warrior.
The centaur warrior is lightly wounded.
The centaur warrior hits you!
* * * LOW HITPOINT WARNING * * *
The centaur warrior kicks you but does no damage.
You block the vampire mosquito's attack. x2
The centaur warrior hits you.
* * * LOW HITPOINT WARNING * * *
You block the centaur warrior's attack.
You block the vampire mosquito's attack.
The vampire mosquito bites you!
* * * LOW HITPOINT WARNING * * *
Okay, then.
As you read the scroll of fear, it crumbles to dust.
You assume a fearsome visage.
The vampire mosquito is unaffected. x4
The centaur warrior looks frightened!
The centaur warrior is no longer blind.
The vampire mosquito bites you.
* * * LOW HITPOINT WARNING * * *
The vampire mosquito bites you but does no damage.
The vampire mosquito bites you.
* * * LOW HITPOINT WARNING * * *
You block the vampire mosquito's attack.
The vampire mosquito barely misses you.
Okay, then.
Okay, then.
As you read the scroll of teleportation, it crumbles to dust.
You feel strangely unstable. The vampire mosquito bites you!
You die...

......$...
.........#
........[+
........##
..#.......
.........#####.
.:...(yyy......
#@y.c....
##.......
....... .......
....... .......
....... .#...##


You could see a centaur warrior (fleeing) and 4 vampire mosquitoes.

Vanquished Creatures
  Snorg (D:12)
  A boulder beetle (D:12)
  A two-headed ogre (D:10)
  2 centaur warriors
  3 dancing weapons (D:12)
  A tengu warrior (D:13)
  A flayed ghost (D:8)
  An orange crystal statue (D:9)
  A cyclops (D:13)
  Psyche (D:8)
  3 tengu conjurers (D:13)
  A troll (D:11)
  A slime creature (D:13)
  Sigmund (D:6)
  2 shadows
  7 wraiths
  A vampire (D:13)
  11 yaks
  2 wyverns
  A fire bat (D:8)
  Grum (D:8)
  A steam dragon (D:8)
  A water moccasin (D:7)
  An acid dragon (D:10)
  An ogre (D:5)
  2 ice beasts
  A black bear (D:5)
  A sky beast (D:7)
  12 orc warriors
  2 wolves (D:8)
  12 centaurs
  3 phantoms
  3 kobold brigands
  A gnoll sergeant (D:7)
  2 necrophages (D:5)
  8 elf zombies (Ossuary)
  4 bullfrogs
  5 scorpions
  A troll zombie (D:9)
  Dowan (D:7)
  4 howler monkeys
  3 centaur zombies (Ossuary)
  A human zombie (Ossuary)
  2 jellies
  Crazy Yiuf (D:7)
  3 hounds
  5 orc priests
  A gnoll bouda (D:6)
  4 iguanas (D:5)
  5 orc wizards
  4 ogre zombies (D:9)
  3 mummies (Ossuary)
  6 adders
  13 gnolls
  3 shadow imps
  2 white imps
  3 ufetubi
  2 worms
  A dart slug (D:1)
  51 orcs
  6 endoplasms
  3 giant cockroaches
  11 goblins
  8 hobgoblins
  3 jackals (D:5)
  3 quokkas
  10 ball pythons
  18 bats
  3 frilled lizards
  2 goblin zombies
  4 hobgoblin zombies (D:9)
  17 kobolds
  An orc skeleton (D:9)
  18 orc zombies (D:9)
  A quokka zombie (D:4)
  3 rats
  3 fulminant prisms
337 creatures vanquished.

Vanquished Creatures (collateral kills)
  A deep elf pyromancer (D:12)
  2 cyclopes
  4 trolls
  A raiju (shapeshifter) (D:12)
  A slime creature (D:13)
  2 yaks
  A wyvern (D:11)
  6 orc warriors (Bailey)
  5 centaurs (Bailey)
  An orc priest (D:10)
  3 ogre zombies (D:9)
  A gnoll (D:5)
  8 orcs
  An endoplasm (D:2)
  A hobgoblin (D:3)
  4 kobolds
  A quokka (D:2)
  A goblin zombie (D:9)
  A rat (D:2)
  4 fulminant prisms (D:7)
49 creatures vanquished.

Vanquished Creatures (others)
  A wraith (D:13)
  Duvessa (D:7)
  3 ancestors (D:9)
  5 battlemagi
  A gnoll (D:5)
  A jackal (D:5)
  A kobold (D:6)
  57 fulminant prisms
  A fungus (D:7)
71 creatures vanquished.

Grand Total: 457 creatures vanquished

Notes
Turn   | Place    | Note
-------+----------+-------------------------------------------
     0 | D:1      | javelincjr the Djinni Conjurer began the quest for the Orb.
     0 | D:1      | javelincjr set off with the following spells memorised:
                  | Magic Dart, Searing Ray, Dazzling Flash, Fulminant Prism,
                  | Iskenderun's Mystic Blast.
     0 | D:1      | Reached XP level 1. HP: 15/15 MP: 0/0
   240 | D:1      | You are sucked into a shaft and drop 1 floor!
   248 | D:2      | Reached XP level 2. HP: 20/21 MP: 0/0
   943 | D:1      | Reached XP level 3. HP: 22/26 MP: 0/0
   943 | D:1      | Learned a level 1 spell: Shock
  1635 | D:2      | Found Voed's Book Boutique.
  1702 | D:2      | Reached XP level 4. HP: 29/31 MP: 0/0
  1706 | D:2      | Reached skill level 1 in Fighting
  1806 | D:2      | Identified the ring of Qaepn {rElec rC+ rCorr Dex+4}
  2566 | D:3      | Reached skill level 1 in Armour
  3071 | D:4      | Reached XP level 5. HP: 37/37 MP: 0/0
  3071 | D:4      | Learned a level 2 spell: Call Imp
  3139 | D:4      | Reached skill level 2 in Fighting
  3322 | D:4      | Found a sand-covered staircase.
  3373 | Ossuary  | Entered an ossuary
  3678 | Ossuary  | Reached XP level 6. HP: 13/45 MP: 0/0
  3907 | Ossuary  | Reached skill level 3 in Fighting
  3907 | Ossuary  | Reached XP level 7. HP: 27/50 MP: 0/0
  3907 | Ossuary  | Learned a level 3 spell: Ozocubu's Armour
  4552 | Ossuary  | Reached XP level 8. HP: 36/58 MP: 0/0
  4721 | Ossuary  | Reached skill level 4 in Fighting
  5302 | D:4      | Found a bloodstained altar of Trog.
  5307 | D:4      | Found a glowing golden altar of the Shining One.
  5308 | D:4      | Found a sacrificial altar of Ru.
  5309 | D:4      | Found a stormy altar of Qazlal.
  5309 | D:4      | Found a hide-covered altar of Uskayaw.
  5310 | D:4      | Found an iron altar of Okawaru.
  5311 | D:4      | Found a broken altar of Ashenzari.
  5797 | D:5      | Entered Level 5 of the Dungeon
  5857 | D:5      | Reached skill level 5 in Spellcasting
  6326 | D:5      | Reached skill level 5 in Fighting
  6333 | D:5      | HP: 2/59 [gnoll/+0 flail (9)]
  7155 | D:5      | Gained mutation: You passively map a small area around you.
                  | [potion of mutation]
  7155 | D:5      | Gained mutation: You are weak. (Str -2) [potion of
                  | mutation]
  7155 | D:5      | Gained mutation: You are strong-willed. (Will+) [potion of
                  | mutation]
  7156 | D:5      | Lost mutation: You passively map a small area around you.
                  | [potion of mutation]
  7156 | D:5      | Lost mutation: You are strong-willed. (Will+) [potion of
                  | mutation]
  7156 | D:5      | Lost mutation: You are weak. (Str -2) [potion of mutation]
  7156 | D:5      | Gained mutation: You are covered in fur. (AC +1) [potion of
                  | mutation]
  7156 | D:5      | Gained mutation: You have hidden genetic defects. [potion
                  | of mutation]
  7156 | D:5      | Gained mutation: You have supernaturally acute eyesight.
                  | (SInv) [potion of mutation]
  7172 | D:5      | Reached XP level 9. HP: 54/65 MP: 0/0
  7172 | D:5      | Learned a level 4 spell: Olgreb's Toxic Radiance
  7173 | D:5      | Reached skill level 5 in Dodging
  7261 | D:5      | Gained mutation: Your body sometimes deteriorates upon
                  | taking damage. [hidden defects]
  7851 | D:6      | Reached skill level 6 in Fighting
  7857 | D:6      | Gained mutation: You occasionally lose the ability to drink
                  | potions when taking damage. [hidden defects]
  7857 | D:6      | Lost mutation: You have hidden genetic defects. [hidden
                  | defects expressed]
  8310 | D:6      | Lost mutation: You occasionally lose the ability to drink
                  | potions when taking damage. [potion of mutation]
  8310 | D:6      | Lost mutation: You are covered in fur. (AC +1) [potion of
                  | mutation]
  8310 | D:6      | Gained mutation: You possess an exceptional clarity of
                  | mind. [potion of mutation]
  8310 | D:6      | Gained mutation: You expend health (3 HP) to strengthen
                  | your wands. [potion of mutation]
  8792 | D:6      | Noticed Sigmund
  8796 | D:6      | Killed Sigmund
  9162 | D:7      | Reached XP level 10. HP: 52/73 MP: 0/0
  9514 | D:7      | Reached skill level 7 in Fighting
  9566 | D:7      | Reached skill level 5 in Stealth
  9789 | D:7      | Found a staircase to the Ecumenical Temple.
  9811 | D:7      | Reached skill level 5 in Armour
  9820 | Temple   | Entered the Ecumenical Temple
  9939 | Temple   | Became a worshipper of Hepliaklqana the Forgotten
 10245 | D:7      | Noticed Duvessa
 10245 | D:7      | Noticed Dowan
 10250 | D:7      | Killed Dowan
 10259 | D:7      | Killed Duvessa
 10426 | D:7      | Found a runed translucent door.
 10427 | D:7      | Noticed Crazy Yiuf
 10503 | D:7      | Killed Crazy Yiuf
 10761 | D:8      | Found a staircase to the Lair.
 10890 | D:8      | Noticed Grum
 10896 | D:8      | Killed Grum
 11424 | D:8      | Found a basalt altar of Yredelemnul.
 11431 | D:8      | Reached skill level 8 in Fighting
 11650 | D:8      | Found a runed translucent door.
 11697 | D:8      | Found a blossoming altar of Fedhas.
 11720 | D:8      | Found an iron altar of Okawaru.
 11729 | D:8      | Found an opulent altar of Gozag.
 11729 | D:8      | Found a glowing golden altar of the Shining One.
 11799 | D:8      | Noticed a flayed ghost
 11918 | D:8      | Killed a flayed ghost
 11919 | D:8      | Reached XP level 11. HP: 62/81 MP: 0/0
 11919 | D:8      | Learned a level 5 spell: Iskenderun's Battlesphere
 11926 | D:8      | Identified the amulet "Ogiklooratz" {Faith Rampage Will-
                  | rCorr Int+5}
 12130 | D:8      | Found Daophuost's General Store.
 12157 | D:8      | Identified the +11 trident of Spite {elec, Dex+3}
 12194 | D:8      | Noticed Psyche
 12198 | D:8      | Killed Psyche
 12199 | D:8      | Reached skill level 1 in Shields
 12202 | D:8      | Reached * piety under Hepliaklqana
 12413 | D:9      | Noticed an orange crystal statue
 12701 | D:9      | Noticed a two-headed ogre
 12709 | D:9      | Killed an orange crystal statue
 13351 | D:9      | Reached skill level 9 in Fighting
 13383 | D:9      | Found a staircase to the Orcish Mines.
 14438 | D:10     | Entered Level 10 of the Dungeon
 14443 | D:10     | Noticed a two-headed ogre
 14452 | D:10     | Killed a two-headed ogre
 14503 | D:10     | Reached ** piety under Hepliaklqana
 14504 | D:10     | Remembered your ancestor Shatamurrim as a battlemage
 14660 | D:10     | Found a flagged portal.
 14672 | Bailey   | Entered a bailey
 15778 | Bailey   | Reached XP level 12. HP: 55/81 MP: 0/0
 16840 | D:10     | Reached *** piety under Hepliaklqana
 17542 | D:11     | Reached skill level 10 in Fighting
 17871 | D:12     | Noticed a centaur warrior
 17875 | D:12     | Killed a centaur warrior
 17911 | D:12     | Noticed a boulder beetle
 17922 | D:12     | Killed a boulder beetle
 18034 | D:12     | Reached **** piety under Hepliaklqana
 18308 | D:12     | Noticed Snorg
 18323 | D:12     | Killed Snorg
 18381 | D:12     | Found a runed translucent door.
 18383 | D:12     | Noticed a +1 vampiric demon blade
 18384 | D:12     | Found a hide-covered altar of Uskayaw.
 18384 | D:12     | Noticed a +2 demon trident of pain
 18385 | D:12     | Noticed a +1 demon whip of draining
 18526 | D:12     | Killed a +1 vampiric demon blade
 18532 | D:12     | Killed a +2 demon trident of pain
 18532 | D:12     | Killed a +1 demon whip of draining
 18533 | D:12     | Reached XP level 13. HP: 66/87 MP: 0/0
 18533 | D:12     | Learned a level 5 spell: Summon Mana Viper
 18572 | D:13     | Noticed a boulder beetle
 18621 | D:13     | Noticed Frances
 18621 | D:13     | Noticed a centaur warrior
 18706 | D:13     | Reached skill level 11 in Fighting
 18751 | D:13     | Noticed a centaur warrior
 18764 | D:13     | Killed a centaur warrior
 18765 | D:13     | Reached skill level 5 in Shields
 18770 | D:14     | Noticed a centaur warrior
 18774 | D:14     | HP: 4/89 [vampire mosquito (2)]
 18775 | D:14     | Slain by a vampire mosquito

Illustrated notes

Levels and vault maps discovered:
D:1:      shiori_shiawase, layout_basic
D:2:      layout_basic, serial_rivers, chequers_serial_rivers_small_b,
          chequers_serial_rivers_micro_d, chequers_serial_rivers_micro_d,
          chequers_serial_rivers_large_a, chequers_serial_rivers_micro_b,
          serial_shops, shop, minmay_mini_jars
D:3:      minmay_recursive_quarters, layout_rooms, reono_crystal_passage,
          grunt_decor_mini_mirrors
D:4:      layout_loops_corners, minitemple, enter_ossuary_4,
          chequers_serial_rivers_room_b
D:5:      minmay_razor_zed, layout_basic, minivault_5
D:6:      layout_basic, serial_curves, eino_curves_04, eino_curves_02,
          uniq_sigmund
D:7:      layout_rooms, minmay_temple_entry_large_hall, uniq_crazy_yiuf_cottage,
          uniq_duvessa
D:8:      due_megacathedral, layout_basic, serial_shops,
          nicolae_shop_waterfront, uniq_psyche, uniq_grum
D:9:      layout_loops_ring, zombieorc2_lemuel, minivault_16
D:10:     layout_gridville, enter_bailey_4
D:11:     layout_loops_ring
D:12:     layout_roguey, nicolae_danse_macabre, uniq_snorg
D:13:     layout_cave_pools, gammafunk_ghost_hive, enter_trove_6,
          corexii_hall_statues_l, grunt_ministairs_2, drop_trap, uniq_maurice,
          uniq_frances
D:14:     layout_basic, erik_vaults_1, nicolae_vehumet_altar_sigil,
          nicolae_wu_jian_immortal_techniques
Temple:   nicolae_temple_god_jail

Skill      XL: |  1  2  3  4  5  6  7  8  9 10 11 12 13 |
---------------+----------------------------------------+-----
Stealth        | 2 3 4 5 6 7 |  7.3
Fighting       | 1 2 3 5 6 8 9 10 11 | 11.1
Armour         | 1 2 3 4 5 6 7 |  7.9
Dodging        | 3 4 5 6 7 8 9 |  9.0
Spellcasting   | 4 5 6 7 8 9 |  9.3
Shields        | 3 4 5 |  5.0

Action                   |  1- 3 |  4- 6 |  7- 9 | 10-12 | 13-15 || total
-------------------------+-------+-------+-------+-------+-------++-------
Melee: Staff             |       |       |     7 |     2 |       ||     9
       Trident           |       |       |       |     9 |     2 ||    11
 Fire: Sling             |       |    41 |     7 |       |       ||    48
 Cast: Magic Dart        |    54 |    40 |    17 |    13 |       ||   124
       Searing Ray       |     3 |    15 |     8 |       |       ||    26
       Shock             |       |     8 |   168 |   294 |    11 ||   481
       Call Imp          |       |     3 |     4 |     1 |       ||     8
       Iskenderun's Myst |       |       |    27 |    97 |     8 ||   132
       Fulminant Prism   |       |       |    13 |    47 |     5 ||    65
       Ozocubu's Armour  |       |       |     1 |       |       ||     1
       Olgreb's Toxic Ra |       |       |     1 |     2 |       ||     3
       Iskenderun's Batt |       |       |       |    19 |     2 ||    21
       Dazzling Flash    |       |       |       |       |     1 ||     1
Invok: Ancestor Life: Ba |       |       |       |     1 |       ||     1
  Use: Potion            |       |       |     7 |     1 |       ||     8
       Scroll            |       |       |    11 |     9 |     2 ||    22
 Stab: Sleeping          |       |       |       |     1 |       ||     1
       Distracted        |       |       |       |     1 |       ||     1
       Invisible         |       |       |       |       |     2 ||     2
Armor: Robe              |     8 |    16 |    14 |    17 |       ||    55
       Troll leather arm |       |       |       |     7 |     3 ||    10
Dodge: Dodged            |     9 |    43 |    64 |    74 |    11 ||   201
Block: Kite shield       |       |       |       |    19 |       ||    19
       Tower shield      |       |       |       |    22 |    24 ||    46
